 Dungeon Crawl Stone Soup version 0.16-a0-296-gbdb9f68 (webtiles) character file.

1407 DrPain the Basher (level 8, -7/100 HPs)
             Began as a Minotaur Berserker on Aug 29, 2014.
             Was a High Priest of Trog.
             Mangled by a gnoll
             ... wielding a +2 whip of electrocution
              (8 damage)
             ... on Level 6 of the Dungeon.
             The game lasted 00:26:12 (4412 turns).

DrPain the Basher (Minotaur Berserker)              Turns: 4412, Time: 00:26:12

HP  -7/100       AC 20     Str 30      XL: 8   Next: 42%
MP   3/3         EV  8     Int  6      God: Trog [*****.]
Gold 79          SH  0     Dex 13      Spells:  0 memorised,  7 levels left

rFire  . . .     SeeInvis .     x - +0 great mace "Concordance" {freeze, +Blink Str+4 Int+4}
rCold  . . .     Clarity  .     q - +0 chain mail
rNeg   . . .     rCorr    .     (no shield)
rPois  .         rRot     .     (helmet restricted)
rElec  .         Spirit   .     v - +2 cloak
SustAb .         Warding  .     (no gloves)
rMut   .         Stasis   .     (no boots)
Gourm  .                        (no amulet)
MR     .....                    (no ring)
                                f - +4 ring of protection

@: berserking, very quick, not resistant to hostile enchantments, extremely
unstealthy
A: retaliatory headbutt, horns 2, iridescent scales 1, breathe flames 1, dopey 1
a: Burn Spellbooks, Berserk, Trog's Hand, Brothers in Arms, Renounce Religion,
Breathe Fire, Evoke Blink


You were on level 6 of the Dungeon.
You worshipped Trog.
Trog was extremely pleased with you.
You were not hungry.

You visited 1 branch of the dungeon, and saw 6 of its levels.

You collected 173 gold pieces.
You spent 94 gold pieces at shops.

Inventory:

Hand weapons
 a - a +1 mace
 x - the +0 great mace "Concordance" (weapon) {freeze, +Blink Str+4 Int+4}
   (Trog gifted it to you on level 5 of the Dungeon)

   It has been specially enchanted to freeze those struck by it, causing extra
   injury to most foes and up to double damage against particularly susceptible
   opponents.
   It can also slow down cold-blooded creatures.
   It affects your strength (+4).
   It affects your intelligence (+4).
   It lets you blink.
Missiles
 n - 3 stones (quivered)
Armour
 q - a +0 chain mail (worn)
 v - a +2 cloak (worn)
Magical devices
 j - a wand of lightning (4) {unknown}
 t - a wand of polymorph (8) {unknown}
 u - a wand of frost (10) {unknown}
Comestibles
 c - 4 bread rations
 d - 4 fruits
 k - a meat ration
Scrolls
 e - 5 scrolls of enchant weapon
 g - a scroll of magic mapping
 h - a scroll of fear {unknown}
 l - 2 scrolls of fog
 m - 4 scrolls of identify
 o - 3 scrolls of teleportation
 s - a scroll of amnesia {unknown}
 w - 3 scrolls of remove curse
Jewellery
 f - a +4 ring of protection (left hand)
Potions
 b - a potion of poison {unknown}
 i - 2 potions of might
 p - a potion of agility
 z - a potion of restore abilities {unknown}
 A - a potion of beneficial mutation {unknown}


   Skills:
 + Level 4.8 Fighting
 + Level 11.3 Maces & Flails
 + Level 4.2 Armour
 + Level 3.8 Dodging


You had 7 spell levels left.
You didn't know any spells.

Dungeon Overview and Level Annotations

Branches:
Dungeon (6/15)
 Temple: D:4-7

Altars:
Ashenzari
Elyvilon
Fedhas
Makhleb
Okawaru
Sif Muna
Vehumet
Xom

Shops:
D:4 [


Innate Abilities, Weirdness & Mutations

You reflexively headbutt those who attack you in melee.
You have a pair of horns on your head.
You are partially covered in iridescent scales (AC +4).
You can breathe flames.
You are dopey. (Int -2)


Message History

Drink which item? (? for menu, Esc to quit)
You feel better. The gnoll closely misses you.
The gnoll shaman hits you but does no damage.
The rat completely misses you. You furiously retaliate!
You headbutt the rat!
You kill the rat!
Trog accepts your kill. The gnoll closely misses you.
The gnoll hits you from afar with a spear.
* * * LOW HITPOINT WARNING * * *
Use which ability? (? or * to list) Use which ability? (? or * to list)
A red film seems to cover your vision as you go berserk!
You feel yourself moving faster!
You feel mighty!
You feel somewhat more hungry. The gnoll hits you but does no damage.
The gnoll shaman hits you but does no damage.
You are electrocuted!
* * * LOW HITPOINT WARNING * * *
The gnoll hits you but does no damage. x4
You are electrocuted!
You die...

## #.... ###
#>.##...##.<#
#...#...#...# ######
#..#...#.. .....'.
#####.....##### .....#
#.............##.....#.
#......8..(.............
#..[....................
#####...()###.@.g.......
#..#...#'.##ggg.......
#...#...#...#g.........
#<.##...##.<#.........
### #....####.#.#.#.#.
##..#.............
##.#.....#.#.#.# #.#
.......... #.# ###.#.# #


You could see a gnoll shaman and 4 gnolls.

Vanquished Creatures
  The ghost of Banei the Gusty, an experienced TeAE (D:6)
  A sky beast (D:6)
  2 ogres (D:5)
  5 crimson imps
  2 orc priests
  A centaur skeleton (D:5)
  2 jellies
  2 hounds (D:4)
  3 worker ants
  3 orc wizards
  An iguana (D:6)
  10 adders
  3 gnolls
  2 giant mites (D:3)
  2 worms
  3 oozes
  5 giant geckos
  17 orcs
  5 ball pythons
  12 bats
  A bat skeleton (D:4)
  14 hobgoblins
  15 jackals
  3 quokkas (D:3)
  6 giant cockroaches
  A giant gecko skeleton (D:5)
  5 giant newts
  14 goblins
  A jackal skeleton (D:4)
  8 kobolds
  16 rats
  A rat skeleton (D:3)
  A ballistomycete (D:6)
  A plant (D:5)
169 creatures vanquished.

Vanquished Creatures (others)
  A kobold (D:6)
  A giant spore (D:6)
  A ballistomycete (D:6)
3 creatures vanquished.

Grand Total: 172 creatures vanquished

Notes
Turn   | Place    | Note
--------------------------------------------------------------
     0 | D:1      | DrPain, the Minotaur Berserker, began the quest for the Orb.
     0 | D:1      | Reached XP level 1. HP: 19/19 MP: 1/1
    81 | D:1      | Reached XP level 2. HP: 18/27 MP: 1/1
   102 | D:1      | Reached skill level 4 in Maces & Flails
   355 | D:1      | Acquired Trog's second power
   846 | D:2      | Reached XP level 3. HP: 33/33 MP: 2/2
   911 | D:2      | Reached skill level 5 in Maces & Flails
  1041 | D:2      | Reached XP level 4. HP: 30/40 MP: 2/2
  1405 | D:2      | Found a burning altar of Makhleb.
  1405 | D:2      | Noticed a balrug
  1409 | D:2      | Noticed an orange demon
  1409 | D:2      | Noticed a neqoxec
  1432 | D:2      | Reached skill level 6 in Maces & Flails
  1776 | D:3      | Reached XP level 5. HP: 31/46 MP: 2/2
  1986 | D:3      | Acquired Trog's third power
  2070 | D:3      | Reached skill level 7 in Maces & Flails
  2331 | D:3      | Gained mutation: You are partially covered in iridescent scales (AC +4). [potion of mutation]
  2331 | D:3      | Gained mutation: You are dopey. (Int -2) [potion of mutation]
  2331 | D:3      | Gained mutation: You can breathe flames. [potion of mutation]
  2558 | D:4      | Reached XP level 6. HP: 52/52 MP: 3/3
  2581 | D:4      | Reached skill level 8 in Maces & Flails
  2735 | D:4      | Found a shimmering altar of Xom.
  2805 | D:4      | Found a white marble altar of Elyvilon.
  2811 | D:4      | Found a radiant altar of Vehumet.
  2811 | D:4      | Found a blossoming altar of Fedhas.
  2838 | D:4      | Found a deep blue altar of Sif Muna.
  2852 | D:4      | Found an iron altar of Okawaru.
  2918 | D:4      | Found Voerec's Antique Armour Boutique.
  2924 | D:4      | Bought a runed cloak for 94 gold pieces
  2939 | D:4      | Reached skill level 9 in Maces & Flails
  3079 | D:4      | Reached XP level 7. HP: 58/58 MP: 3/3
  3178 | D:5      | Entered Level 5 of the Dungeon
  3238 | D:5      | Received a gift from Trog
  3239 | D:5      | Got a crude great mace {god gift}
  3240 | D:5      | Identified the +0 great mace "Concordance" {freeze, +Blink Str+4 Int+4} (Trog gifted it to you on level 5 of the Dungeon)
  3285 | D:5      | Reached skill level 10 in Maces & Flails
  3960 | D:5      | Found a shattered altar of Ashenzari.
  4327 | D:6      | Reached XP level 8. HP: 58/67 MP: 3/3
  4329 | D:6      | Noticed Banei's ghost (experienced TeAE)
  4348 | D:6      | Killed Banei's ghost
  4348 | D:6      | Reached skill level 11 in Maces & Flails
  4412 | D:6      | HP: 1/100 [gnoll shaman/runed whip (14)]
  4412 | D:6      | Mangled by a gnoll

Action                   |  1- 3 |  4- 6 |  7- 9 || total
-------------------------+-------+-------+-------++-------
Melee: Mace              |    88 |   206 |    16 ||   310
       Great mace        |       |       |    80 ||    80
Invok: Berserk           |       |     1 |     3 ||     4
  Use: Scroll            |     6 |     2 |     1 ||     9
       Potion            |       |     7 |     2 ||     9
  Eat: Bread ration      |       |     1 |       ||     1
       Chunk             |       |     2 |     2 ||     4
       Fruit             |       |     1 |     2 ||     3
       Meat ration       |       |       |     1 ||     1
